Map: [ESL] Oceanborn

Players

PattyMac

  • Race: Protoss Protoss
  • Spawn Location: 11:00

Harstem - Winner!

  • Race: Protoss Protoss
  • Spawn Location: 5:00

Event: ESL Spring 2024 Finals

VOD

Have the link to the VOD?

Description

Time

  • Played on: May 31, 2024, 5:18 p.m.
  • Length: 4:18

All games in this series

Show
View Real Time Build Order
Export as new Build Order

PattyMac Protoss 

Build Orders:  

Get SALT Encoding   

  12  0:00  Probe  
  13  0:12  Probe  
  14  0:17  Pylon  
  14  0:24  Probe (Chrono Boost)  
  16  0:36  Probe (Chrono Boost)  
  16  0:37  Gateway  
  16  0:42  Probe (Chrono Boost)  
  16  0:45  Assimilator  
  17  0:52  Probe (Chrono Boost)  
  17  0:54  Assimilator  
  19  1:04  Probe (Chrono Boost)  
  19  1:07  Gateway  
  19  1:13  Probe (Chrono Boost)  
  20  1:18  Probe  
  20  1:24  Cybernetics Core  
  21  1:30  Probe  
  21  1:32  Pylon  
  22  1:42  Probe  
  23  1:54  Probe  
  23  2:01  Adept x2, Warp Gate  
  28  2:08  Probe  
  28  2:12  Pylon  
  29  2:21  Probe  
  30  2:31  Robotics Facility  
  30  2:34  Stalker x2  
  34  3:04  Nexus  
  34  3:14  Probe  
  34  3:16  Adept  
  34  3:17  Warp Prism (Chrono Boost)  
  37  3:28  Probe  
  38  3:44  Probe  
  39  3:48  Shield Battery  
  39  4:03  Probe  
  39  4:07  Pylon  
  36  4:10  Pylon  
Show
View Real Time Build Order
Export as new Build Order

Harstem Protoss - Winner!

Build Orders: Phoenix Opening 

Get SALT Encoding   

  12  0:01  Probe  
  13  0:13  Probe  
  14  0:17  Pylon  
  14  0:25  Probe (Chrono Boost)  
  15  0:37  Gateway, Probe (Chrono Boost)  
  16  0:45  Probe (Chrono Boost)  
  16  0:46  Assimilator  
  17  0:52  Probe (Chrono Boost)  
  17  0:55  Assimilator  
  18  1:04  Probe (Chrono Boost)  
  19  1:10  Gateway  
  19  1:13  Probe (Chrono Boost)  
  19  1:18  Probe  
  20  1:24  Cybernetics Core  
  21  1:30  Probe  
  22  1:34  Pylon  
  22  1:42  Probe  
  23  1:54  Probe  
  23  1:57  Warp Gate (Chrono Boost)  
  23  2:01  Stalker  
  26  2:05  Sentry  
  26  2:06  Probe  
  29  2:12  Pylon  
  29  2:18  Probe  
  30  2:29  Pylon  
  30  2:30  Sentry  
  32  2:43  Sentry  
  34  2:46  Nexus  
  34  2:50  Phoenix  
  34  2:53  Stalker  
  36  3:06  Stalker  
  36  3:07  Shield Battery  
  36  3:11  Pylon  
  37  3:15  Probe  
  37  3:17  Stalker x2  
  38  3:20  Shield Battery  
  38  3:27  Probe  
  39  3:40  Robotics Facility  
  39  3:42  Stalker  
  39  3:46  Stalker  
  43  3:49  Probe  
  44  4:01  Probe (Chrono Boost)  
  46  4:11  Stalker x2  
Tags
 
Add a new tag
Caveats
  • Supply blocks, unpowered buildings, or Contaminate may cause inaccurate times.
  • Supply counts are checked every 10 seconds.